 Dungeon Crawl Stone Soup version 0.23-a0-488-g5fd82c5 (webtiles) character file.

57 zishaf the Conjurer (level 4, 0/24 HPs)
             Began as a Tengu Conjurer on Dec 2, 2018.
             Succumbed to a worker ant's poison
             ... on level 4 of the Dungeon.
             The game lasted 00:04:55 (2254 turns).

zishaf the Conjurer (Tengu Conjurer)                Turns: 2254, Time: 00:04:56

Health: 0/24       AC:  2    Str:  8    XL:     4   Next: 0%
Magic:  3/8        EV: 13    Int: 16    God:
Gold:   102        SH:  0    Dex: 15    Spells: 5/8 levels left

rFire    . . .     SeeInvis .   b - +3 spear
rCold    . . .     Gourm    .   (no shield)
rNeg     + . .     Faith    .   a - +0 robe
rPois    .         Spirit   .   (helmet restricted)
rElec    .         Reflect  .   (no cloak)
rCorr    .         Harm     .   (no gloves)
MR       .....                  (boots unavailable)
Stlth    ++........             (no amulet)
HPRegen  0.08/turn              j - ring of positive energy
MPRegen  0.11/turn              (no ring)

@: lethally poisoned (0 -> -20)
A: beak, talons 3
a: no special abilities


You were on level 4 of the Dungeon.
You were hungry.

You visited 1 branch of the dungeon, and saw 4 of its levels.

You collected 102 gold pieces.

Inventory:

Hand Weapons
 b - a +3 spear (weapon)
Armour
 a - a +0 robe (worn)
Jewellery
 j - a ring of positive energy (left hand)
Scrolls
 e - a scroll of blinking {unknown}
 f - 5 scrolls of identify {unknown}
 k - a scroll of noise {unknown}
 l - a scroll of enchant weapon {unknown}
 n - a scroll of teleportation {unknown}
Potions
 d - a potion of haste {unknown}
 g - 2 potions of heal wounds {unknown}
 h - a potion of flight {unknown}
 i - a potion of resistance {unknown}
 o - a potion of degeneration {unknown}
Comestibles
 c - 6 rations


   Skills:
 + Level 2.8 Dodging
 + Level 2.6 Stealth
 + Level 2.5 Spellcasting
 * Level 6.1 Conjurations


You had 5 spell levels left.
You knew the following spells:

 Your Spells              Type           Power        Failure   Level  Hunger
a - Magic Dart            Conj           ###.         1%          1    #......
b - Searing Ray           Conj           ###...       2%          2    ##.....

Your spell library contained the following spells:

 Spells                   Type           Power        Failure   Level  Hunger
 Iskenderun's Mystic Bla  Conj           ###.....     16%         4    #####..
 Dazzling Spray           Conj/Hex       ##....       17%         3    ###....
 Force Lance              Conj/Tloc      ##......     50%         4    #####..
 Fulminant Prism          Conj/Hex       ##........   50%         4    #####..


Dungeon Overview and Level Annotations

Branches:
Dungeon (4/15)
 Temple: D:4-7

Altars:
Makhleb

Annotations:
D:3 Terence


Innate Abilities, Weirdness & Mutations

You have a beak for a mouth.
You have claws for feet.


Message History

* * * LOW HITPOINT WARNING * * *
You feel sick. The worker ant misses you.
Casting: Magic Dart (safe; 1% risk of failure)
Confirm with . or Enter, or press ? or * to list all spells.
Aiming: Magic Dart (safe; 1% risk of failure)
Press: ? - help, Shift-Dir - straight line, f/p - worker ant
Aim: a worker ant (heavily wounded)
The magic dart hits the worker ant.
The worker ant is severely wounded.
* * * LOW HITPOINT WARNING * * *
You feel sick. The worker ant bites you.
* * * LOW HITPOINT WARNING * * *
Casting: Magic Dart (safe; 1% risk of failure)
Confirm with . or Enter, or press ? or * to list all spells.
Aiming: Magic Dart (safe; 1% risk of failure)
Press: ? - help, Shift-Dir - straight line, f/p - worker ant
Aim: a worker ant (severely wounded)
The magic dart hits the worker ant.
The worker ant is severely wounded.
You die...

##≈≈####..##
#.≈≈.##.##.#
#.≈≈.#.##.##
#.≈≈..###.#
#......#
#.≈≈.##.#.##
#......#
#.≈≈.##.##.#
#......#
#.≈≈.#.###.#
#......#
#.≈≈.#.###.#
#......#
#@≈≈^##.#.##
#..>...#
#a≈≈.###.##
#......#
#.≈≈$# ##.##
#......#
#.≈≈.# ##.#
#..+ #......#
#.≈≈.#
##.###...#
#<.....#
#.≈≈.#
#.###....#
#......#
#.≈≈.# #.#
#....##
#......#
#.≈≈.###.##
......
#......#
##.#.##......


You could see a worker ant.

Vanquished Creatures
  An adder skeleton (D:4)
  2 dart slugs (D:1)
  2 leopard geckos
  A bat zombie (D:2)
  A giant cockroach (D:1)
  5 goblins
  5 hobgoblins
  6 jackals (D:1)
  4 bats (D:1)
  A frilled lizard (D:1)
  A giant cockroach zombie (D:2)
  A jackal skeleton (D:2)
  8 kobolds
  A leopard gecko skeleton (D:2)
  8 rats
47 creatures vanquished.

Notes
Turn   | Place    | Note
-------+----------+-------------------------------------------
     0 | D:1      | zishaf the Tengu Conjurer began the quest for the Orb.
     0 | D:1      | Reached XP level 1. HP: 10/10 MP: 4/4
   209 | D:1      | Reached XP level 2. HP: 13/15 MP: 1/6
   213 | D:1      | Learned a level 2 spell: Searing Ray
   839 | D:1      | Reached XP level 3. HP: 19/19 MP: 7/7
  1285 | D:2      | Found a burning altar of Makhleb.
  1358 | D:2      | Reached skill level 6 in Conjurations
  1622 | D:2      | You fall through a shaft for 2 floors!
  2002 | D:2      | You fall through a shaft for 2 floors!
  2016 | D:3      | Noticed Terence
  2222 | D:4      | Reached XP level 4. HP: 21/24 MP: 8/8
  2253 | D:4      | HP: 1/24 [worker ant (4)]
  2254 | D:4      | Succumbed to a worker ant's poison

Vault maps used:
D:1:      dpeg_arrival_boxes_within_box
D:2:      lemuel_doored_altar, first_ration, serial_undead, serial_undead_f,
          serial_undead_b, serial_undead_b, serial_undead_e, serial_undead_d
D:3:      yredelemnul_altar_generic, ebering_ghost_reflecting_pool,
          uniq_terence, uniq_crazy_yiuf_cottage, uniq_ijyb
D:4:      wad_river_or_something, due_unseen_surprise

Skill      XL: |  1  2  3 |
---------------+----------+-----
Conjurations   | 6 |  6.1
Dodging        | |  2.8
Stealth        | |  2.6
Spellcasting   | |  2.5

Action                   |  1- 3 |  4- 6 || total
-------------------------+-------+-------++-------
Melee: Spear             |    91 |     5 ||    96
       Peck              |    11 |     1 ||    12
       Kick              |    12 |     2 ||    14
 Cast: Magic Dart        |    17 |     5 ||    22
       Searing Ray       |     3 |       ||     3
 Stab: Distracted        |     1 |       ||     1
       Sleeping          |     9 |     1 ||    10
  Eat: Chunk             |     4 |       ||     4
Armor: Robe              |     6 |       ||     6
Dodge: Dodged            |    47 |     5 ||    52

Table legend:
 A = Non-vault XP
 B = Vault XP
 C = Vault XP percentage of total XP
 D = Non-vault monster count
 E = Vault monster count
 F = Vault count percentage of total count
                 A         B        C        D         E       F
            +---------+---------+-------+---------+---------+-------
      Total |      72 |      10 |  12.2 |      42 |       5 |  10.6
            +---------+---------+-------+---------+---------+-------
        D:1 |      57 |       0 |   0.0 |      34 |       0 |   0.0
        D:2 |      12 |       5 |  29.4 |       7 |       4 |  36.4
        D:4 |       3 |       5 |  62.5 |       1 |       1 |  50.0
            +---------+---------+-------+---------+---------+-------
